AoeStats
← Pleymo0901

Hideout

509558507Analyzed
1v1 RM · 6d ago on Sep 27, 2026· 44m 2s· 2 players
Game mode
Random Map
Map size
Tiny (2 player)
Population
200
Speed
Normal
Resources
Standard
Victory
Conquest
Starting age
Dark Age
Ending age
Imperial Age
RankedLock teamsTeams togetherTeam positionsShared explorationLock speedFull tech treeHidden civsTurbo modeCheats
Victory
Defeat
🇹🇼 Burgundians · Taiwan
944
+17
🇫🇷 Spanish · France
961
-17
台北夜總會
11:22 Feudal Age
12:41 Wheelbarrow
11:49 Horse Collar
11:56 Double-Bit Axe
15:07 Loom
19:31 Castle Age
19:58 Stone Mining
20:30 Hand Cart
21:12 Bow Saw
22:59 Fervor
23:50 Town Watch
25:41 Town Patrol
26:21 Heavy Plow
32:40 Imperial Age
29:50 Man-at-Arms
30:55 Treadmill Crane
31:25 Fortified Wall
31:26 Masonry
31:37 Ballistics
30:49 Pikeman
31:32 Squires
31:31 Long Swordsman
32:25 Arson
32:53 Forging
32:34 Fletching
32:48 Scale Mail Armor
33:06 Guilds
35:20 Chemistry
33:54 Two-Handed Swordsman
34:29 Onager
35:33 Halberdier
36:59 Conscription
36:19 Champion
38:20 Iron Casting
39:53 Gold Mining
44:23 Blast Furnace
43:39 Chain Mail Armor
Pleymo0901
3:49 Loom
10:58 Feudal Age
12:05 Double-Bit Axe
12:01 Horse Collar
13:25 Wheelbarrow
18:50 Castle Age
17:04 Stone Mining
17:44 Gold Mining
20:19 Bow Saw
23:56 Ballistics
28:29 Imperial Age
28:47 Padded Archer Armor
28:38 Fletching
30:34 Stone Shaft Mining
30:33 Scale Barding Armor
30:43 Leather Archer Armor
30:24 Bodkin Arrow
32:22 Coinage
32:03 Guilds
33:57 Two-Man Saw
33:03 Heavy Plow
35:01 Ring Archer Armor
34:31 Bracer
34:52 Chain Barding Armor
34:14 Pikeman
34:55 Squires
34:41 Arson
39:29 Elite Conquistador
40:30 Supremacy
Connection lost

Rejoining the realm…

Still unreachable

The connection could not be restored.

Session expired

The server has moved on; the page needs a fresh start.